 Dungeon Crawl Stone Soup version 0.29.1-1-gd02db6906a (webtiles) character file.

Game seed: 855725970223080289

658 karrick the Cudgeller (level 7, 44/44 HPs)
             Began as a Gargoyle Fighter on Sept 28, 2022.
             Quit the game in the Ecumenical Temple.
             The game lasted 00:05:02 (4694 turns).

karrick the Cudgeller (Gargoyle Fighter)            Turns: 4694, Time: 00:05:03

Health: 44/44      AC: 13    Str: 20    XL:     7   Next: 55%
Magic:  7/7        EV:  9    Int:  8    God:
Gold:   172        SH:  4    Dex: 11    Spells: 6/6 levels left

rFire   . . .      SeeInvis .   a - +0 flail
rCold   + . .      Faith    .   c - +0 buckler
rNeg    + . .      Spirit   .   b - +0 scale mail
rPois   ∞          Reflect  .   (no helmet)
rElec   +          Harm     .   (no cloak)
rCorr   .          Rampage  .   f - +0 pair of gloves
Will    .....                   (no boots)
Stlth   ..........              (no amulet)
HPRegen 0.14/turn               p - ring of protection from cold
MPRegen 0.10/turn               (no ring)

@: very slow
A: sickness immunity, AC +4, negative energy resistance 1, electricity
resistance, torment resistance 1, petrification resistance
a: no special abilities


You were in the Ecumenical Temple.
You visited 2 branches of the dungeon, and saw 7 of its levels.

You collected 172 gold pieces.

Inventory:

Hand Weapons
 a - a +0 flail (weapon)
Armour
 b - a +0 scale mail (worn)
 c - a +0 buckler (worn)
 f - a +0 pair of gloves (worn)
Jewellery
 p - a ring of protection from cold (left hand)
Wands
 d - a wand of flame (22)
 v - a wand of roots (3)
Scrolls
 g - a scroll of immolation {unknown}
 i - a scroll of noise {unknown}
 m - 2 scrolls of enchant armour {unknown}
 o - 6 scrolls of identify {unknown}
 s - 3 scrolls of fear {unknown}
 u - 2 scrolls of teleportation {unknown}
 w - a scroll of amnesia {unknown}
Potions
 e - a potion of experience {unknown}
 h - a potion of heal wounds {unknown}
 j - 2 potions of attraction {unknown}
 k - 6 potions of curing {unknown}
 l - 2 potions of haste {unknown}
 n - a potion of mutation {unknown}
 q - a potion of resistance {unknown}
 r - a potion of brilliance {unknown}
 t - a potion of invisibility {unknown}


   Skills:
 + Level 5.1 Fighting
 + Level 6.0 Maces & Flails
 + Level 4.8 Armour
 + Level 0.8 Stealth
 + Level 4.2 Shields


You had 6 spell levels left.
You didn't know any spells.
Your spell library contained the following spells:

 Spells                   Type           Power      Damage    Failure   Level
 Apportation              Tloc           0%         N/A       83%         1
 Necrotise                Necr           0%         1d4       83%         1
 Summon Small Mammal      Summ           0%         N/A       83%         1
 Vampiric Draining        Necr           0%         2d6       99%         3
 Agony                    Necr           0%         N/A       100%        5


Dungeon Overview and Level Annotations

Branches:
Dungeon (6/15)             Temple (1/1) D:6

Altars:
Cheibriados
Dithmenos
Fedhas
Gozag
Hepliaklqana
Qazlal
Trog
Vehumet
Wu Jian
Xom
Zin

Annotations:
D:5 Edmund
D:6 1 transporter


Innate Abilities, Weirdness & Mutations

You are immune to sickness and miasma.
Your stone body is resilient. (AC +4)
You are immune to poison.
You resist negative energy. (rN+)
You are resistant to electric shocks. (rElec)
You are resistant to unholy torment.
You are immune to petrification.


Message History

Moving in this stuff is going to be slow.
You enter the shallow water.
Moving in this stuff is going to be slow.
You enter the shallow water.
Moving in this stuff is going to be slow.
You enter the shallow water.
Moving in this stuff is going to be slow.
There is a hazy altar of Hepliaklqana here.
There is a shimmering altar of Xom here.
You enter the shallow water.
Moving in this stuff is going to be slow.
There is a glowing silver altar of Zin here.
You enter the shallow water.
Moving in this stuff is going to be slow.
You enter the shallow water.
Moving in this stuff is going to be slow.
You enter the shallow water.
Moving in this stuff is going to be slow.
There is a snail-covered altar of Cheibriados here.
You enter the shallow water.
Moving in this stuff is going to be slow.
You enter the shallow water.
Moving in this stuff is going to be slow.
There is a radiant altar of Vehumet here.
You enter the shallow water.
Moving in this stuff is going to be slow.
You enter the shallow water.
Moving in this stuff is going to be slow.
You enter the shallow water.
Moving in this stuff is going to be slow.
You enter the shallow water.
Moving in this stuff is going to be slow.
You enter the shallow water.
Moving in this stuff is going to be slow.
You enter the shallow water.
Moving in this stuff is going to be slow.
Partly explored, can't reach some places.
Are you sure you want to abandon this character and quit the game? (Confirm with "yes".)
Okay, then.
Are you sure you want to abandon this character and quit the game? (Confirm with "yes".)

≈≈≈≈≈≈≈≈~~8._~.~_..~_~.~_.
≈≈≈≈≈≈≈≈≈#.~...~.~..~.~~.~
≈≈≈≈≈≈≈≈≈#~~~.~~~~~...~~.~
≈≈≈≈≈≈≈≈~.~~~~~~.......~~.
≈≈≈≈≈≈≈≈~#~~..~~~..~.~....
≈≈≈≈≈≈≈≈≈~.~~.~...~~~~~~..
≈≈≈≈≈≈≈≈≈#.._~.~_..._..~_~
≈≈≈≈≈≈≈≈~~##~~.#.###~.###
≈≈≈≈≈≈≈≈@≈≈~~≈~~≈≈~~~~≈≈≈
≈≈≈≈≈≈≈≈≈≈≈≈≈≈≈≈≈≈≈≈≈≈≈≈≈
≈≈≈≈≈≈≈≈≈≈≈≈≈≈≈≈≈≈≈≈≈≈≈≈≈
≈≈≈≈≈≈≈≈≈≈≈≈≈≈≈≈≈≈≈≈≈≈≈≈≈
≈≈≈≈≈≈≈≈≈≈≈≈≈≈≈≈≈≈≈≈≈≈≈≈
≈≈≈≈≈≈≈≈≈≈≈≈≈≈≈≈≈≈≈≈≈≈≈≈
≈≈≈≈≈≈≈≈≈≈≈≈≈≈≈≈≈≈≈≈≈≈≈≈
≈≈≈≈≈≈≈≈≈≈≈≈≈≈≈≈≈≈≈≈≈≈≈≈


There were no monsters in sight!

Vanquished Creatures
  Sigmund (D:3)
  A water moccasin (D:6)
  A scorpion (D:6)
  A jelly (D:4)
  An orc priest (D:6)
  Natasha (thrice) (D:3)
  An orc wizard (D:3)
  An iguana (D:4)
  8 adders
  A dart slug (D:3)
  12 orcs
  4 endoplasms
  2 giant cockroaches
  5 hobgoblins
  4 jackals (D:2)
  2 quokkas
  5 ball pythons
  5 bats
  3 frilled lizards
  7 goblins
  7 kobolds
  3 rats
78 creatures vanquished.

Vanquished Creatures (others)
  An orc wizard (D:3)
1 creature vanquished.

Grand Total: 79 creatures vanquished

Notes
Turn   | Place    | Note
-------+----------+-------------------------------------------
     0 | D:1      | karrick the Gargoyle Fighter began the quest for the Orb.
     0 | D:1      | Reached XP level 1. HP: 14/14 MP: 1/1
   244 | D:1      | Reached XP level 2. HP: 16/19 MP: 2/2
   471 | D:1      | Found a faded altar of an unknown god.
  1110 | D:2      | Reached XP level 3. HP: 24/24 MP: 3/3
  1689 | D:2      | Reached XP level 4. HP: 22/29 MP: 4/4
  1856 | D:3      | Reached skill level 3 in Maces & Flails
  1904 | D:3      | Noticed Sigmund
  1932 | D:3      | Killed Sigmund
  1933 | D:3      | Reached skill level 4 in Maces & Flails
  1933 | D:3      | Reached XP level 5. HP: 25/34 MP: 5/5
  1933 | D:3      | Reached XP level 6. HP: 29/39 MP: 6/6
  2388 | D:3      | Reached skill level 5 in Maces & Flails
  2481 | D:3      | Noticed Natasha
  2490 | D:3      | Killed Natasha
  2705 | D:3      | Noticed Natasha
  2716 | D:3      | Killed Natasha
  2882 | D:3      | Noticed Natasha
  2892 | D:3      | Killed Natasha
  3453 | D:4      | Reached XP level 7. HP: 37/44 MP: 7/7
  4272 | D:5      | Entered Level 5 of the Dungeon
  4274 | D:5      | Noticed Edmund
  4292 | D:6      | Reached skill level 5 in Fighting
  4309 | D:6      | Found a transporter.
  4310 | D:6      | Identified the +11 great mace of Poxaitz {drain, Contam
                  | Str+4 Int+7 SInv Stlth+}
  4310 | D:6      | Noticed a two-headed ogre
  4441 | D:6      | Found a staircase to the Ecumenical Temple.
  4451 | D:6      | Reached skill level 6 in Maces & Flails
  4480 | Temple   | Entered the Ecumenical Temple
  4694 | Temple   | Quit the game

Illustrated notes

Levels and vault maps discovered:
D:1:      pf_arrival_petrified_forest, layout_loops_cross,
          ebering_ecumenical_altar_box
D:2:      layout_loops_ring
D:3:      layout_loops_ring, kennysheep_generic_room_5, uniq_sigmund,
          uniq_natasha
D:4:      layout_basic
D:5:      layout_basic, gammafunk_temple_overflow_statue, goddamned_bats,
          uniq_menkaure, uniq_edmund
D:6:      minmay_inner_zag, layout_cave_pools,
          lemuel_zombie_altar_kikubaaqudgha, minmay_temple_entry_hall,
          gammafunk_ghost_smash, skrybe_limestone_x, nicolae_shop_firing_range,
          uniq_maggie
Temple:   chequers_temple_sunken

Skill      XL: |  1  2  3  4  5  6  7 |
---------------+----------------------+-----
Maces & Flails | 4 5 6 |  6.0
Fighting       | 4 5 |  5.1
Armour         | 4 |  4.8
Shields        | 4 |  4.2
Stealth        | |  0.8

Action                   |  1- 3 |  4- 6 |  7- 9 || total
-------------------------+-------+-------+-------++-------
Melee: Flail             |   100 |   153 |    64 ||   317
  Use: Potion            |       |     1 |       ||     1
Armor: Scale mail        |    52 |   100 |    31 ||   183
Dodge: Dodged            |    36 |    50 |    27 ||   113
Block: Buckler           |    23 |    36 |     7 ||    66
